 Dungeon Crawl Stone Soup version 0.28-a0-816-gb054d885db (webtiles) character file.

Game seed: 2893502674422956325

42 emperorscorpion the Skirmisher (level 3, -3/30 HPs)
             Began as a Djinni Berserker on Nov 8, 2021.
             Was a Believer of Trog.
             Slain by Grinder (4 damage)
             ... on level 3 of the Dungeon.
             The game lasted 00:04:16 (582 turns).

emperorscorpion the Skirmisher (Djinni Berserker)    Turns: 582, Time: 00:04:17

Health: -3/30      AC:  3    Str: 17    XL:     3   Next: 80%
Gold:   44         EV: 12    Int:  8    God:    Trog [**....] SH:  0 Dex: 12

rFire   + + +      SeeInvis .   a - +0 hand axe
rCold   . . .      Faith    .   (no shield)
rNeg    . . .      Spirit   .   b - +1 animal skin
rPois   ∞          Reflect  .   (no helmet)
rElec   +          Harm     .   (no cloak)
rCorr   +          Rampage  .   (no gloves)
Will    ++...                   (boots unavailable)
Stlth   +.........              (no amulet)
HPRegen 1.10/turn               (no ring)
MPRegen 0.00/turn               (no ring)

@: resistant (expiring), strong-willed, flying, regenerating
A: sickness immunity, fire resistance 2, cold vulnerability 1, float, innate
caster, hp casting, extra vitality 1
a: Renounce Religion, Berserk, Trog's Hand


You were on level 3 of the Dungeon.
You worshipped Trog.
Trog was pleased with you.
You visited 1 branch of the dungeon, and saw 3 of its levels.

You collected 44 gold pieces.

Inventory:

Hand Weapons
 a - a +0 hand axe (weapon)
 c - a +0 mace
Missiles
 g - 5 poisoned darts (quivered)
 h - a throwing net
Armour
 b - a +1 animal skin (worn)
Magical Staves
 f - a staff of air
Scrolls
 e - a scroll of identify {unknown}
 i - a scroll of teleportation {unknown}


   Skills:
 + Level 3.5 Fighting
 + Level 3.0 Axes
 + Level 2.2 Armour
 + Level 2.4 Dodging
 + Level 0.1 Stealth


You had one spell level left.
You knew the following spells:

 Your Spells              Type           Power      Damage    Failure   Level
a - Shock                 Conj/Air       0%         1d3       41%         1
Your spell library was empty.

Dungeon Overview and Level Annotations

Branches:
Dungeon (3/15)

Altars:

Annotations:
D:3 Grinder


Innate Abilities, Weirdness & Mutations

You are immune to sickness and miasma.
You are immune to poison.
Your flesh is very heat resistant. (rF++)
You are vulnerable to cold. (rC-)
You float through the air rather than walking.
You learn spells naturally, not from books.
Your magical power is your life essence.
You have superior vitality. (+4 HP)


Message History

You are exhausted.
You feel yourself slow down. Grinder gestures at you.
You suddenly lose the ability to move!
Grinder gestures at you.
You shrug off the repeated paralysis!
You can move again.
Grinder zaps a wand.
The puff of flame hits you. You resist.
Grinder zaps a wand.
The puff of flame hits you. You resist.
You aren't carrying any items that you can evoke.
Grinder blinks!
It was a potion of resistance.
You feel protected.
Grinder zaps a wand.
The puff of flame misses you.
Grinder zaps a wand.
The puff of flame hits you. You resist.
Grinder blinks!
You feel yourself speed up.
A frilled lizard comes into view.
The frilled lizard hisses angrily.
Grinder zaps a wand.
The puff of flame misses you.
Your skin crawls.
You feel strong-willed.
Grinder zaps a wand.
The puff of flame hits you. You resist.
You miss the frilled lizard. The frilled lizard bites you.
You barely miss the frilled lizard.
Grinder drinks a potion.
Grinder seems to grow stronger.
The frilled lizard bites you.
You miss the frilled lizard.
You recover from your berserk rage.
The frilled lizard bites you but does no damage. x2
You slash the frilled lizard!
You kill the frilled lizard!
Trog accepts your kill.
You hit Grinder.
You start to feel less resistant.
Grinder hits you!
* * * LOW HITPOINT WARNING * * *
You writhe in agony.
* * * LOW HITPOINT WARNING * * *
Grinder hits you.
You die...

#..# #.####.#
#..# #.# #.#
#......# #.#
#.###### #.#
#.# #5# #.#
#.# #.#
#####.####
#.#
#........#
##.#####@##
####.#.###.5#
#....5......#
#...######..#
.....# #..#
..##.# ...# .
#. ...# #
..## ##.#


You could see Grinder (strong).

Vanquished Creatures
  An adder (D:2)
  A dart slug (D:1)
  An orc (D:3)
  2 bats
  A giant cockroach (D:1)
  4 goblins
  2 hobgoblins
  4 jackals (D:2)
  2 kobolds
  A quokka (D:2)
  3 ball pythons
  4 frilled lizards
  2 rats
28 creatures vanquished.

Notes
Turn   | Place    | Note
-------+----------+-------------------------------------------
     0 | D:1      | emperorscorpion the Djinni Berserker began the quest for
                  | the Orb.
     0 | D:1      | Reached XP level 1. HP: 20/20 MP: 0/0
   219 | D:1      | Reached XP level 2. HP: 25/25 MP: 0/0
   364 | D:2      | Reached ** piety under Trog
   365 | D:2      | Reached XP level 3. HP: 24/30 MP: 0/0
   365 | D:2      | Learned a level 1 spell: Shock
   418 | D:3      | Found a faded altar of an unknown god.
   530 | D:3      | Noticed Grinder
   549 | D:3      | Paralysed by Grinder for 3 turns
   582 | D:3      | HP: 1/30 [Grinder (1)]
   582 | D:3      | Slain by Grinder

Illustrated notes

Levels and vault maps discovered:
D:1:      sevenhm_arrival_forest_fort_small_5, layout_basic,
          chequers_serial_rivers_marsh
D:2:      wad_crossroads, layout_loops_cross, minivault_25, uniq_robin
D:3:      minmay_thinvault, layout_basic, basic_ecumenical_altar, minmay_cupped,
          uniq_sigmund, uniq_natasha, uniq_grinder

Skill      XL: |  1  2  3 |
---------------+----------+-----
Axes           | 3 |  3.0
Fighting       | |  3.5
Armour         | |  2.2
Dodging        | |  2.4
Stealth        | |  0.1

Action                   || total
-------------------------++-------
Melee: Hand axe          ||    64
Invok: Berserk           ||     5
       Trog's Hand       ||     1
  Use: Scroll            ||     1
       Potion            ||     1
Armor: Animal skin       ||    13
Dodge: Dodged            ||    42

Table legend: (Time is in decaauts)
 A = Elapsed time spent in this place.
 B = Non-inter-level travel time spent in this place.
 C = Inter-level travel time spent in this place.
 D = Time resting spent in this place.
 E = Time spent auto-exploring this place.
 F = Levels seen in this place.
 G = Mean time per level.
                   A        B        C        D        E       F      G
               +--------+--------+--------+--------+--------+-----+--------+
         Total |    643 |    622 |     21 |      0 |    176 |   3 |  214.3 |
       Dungeon |    643 |    622 |     21 |      0 |    176 |   3 |  214.3 |
               +--------+--------+--------+--------+--------+-----+--------+

Top non-repeatable levels by time:
     D:1: 306 daAuts
     D:2: 242 daAuts
     D:3: 94 daAuts
